 Dungeon Crawl Stone Soup version 0.27.1-35-g4d5d836560 (webtiles) character file.

Game seed: 10252071063718258698

79 Delamore the Sneak (level 4, 0/29 HPs)
             Began as an Octopode Brigand on Apr 8, 2022.
             Slain by an orc wizard (1 damage)
             ... on level 3 of the Dungeon.
             The game lasted 00:01:29 (2198 turns).

Delamore the Sneak (Octopode Brigand)               Turns: 2198, Time: 00:01:30

Health: 0/29       AC:  1    Str: 10    XL:     4   Next: 38%
Magic:  4/4        EV: 12    Int: 13    God:
Gold:   127        SH:  0    Dex: 14    Spells: 3/3 levels left

rFire    . . .     SeeInvis .   e - +0 falchion (elec)
rCold    . . .     Faith    .   (no shield)
rNeg     . . .     Spirit   .   (helmet restricted)
rPois    .         Reflect  .   (no amulet)
rElec    .         Harm     .   (no ring)
rCorr    .         Rampage  .   (no ring)
Will     .....                  (no ring)
Stlth    +++++.....             (no ring)
HPRegen  0.09/turn              (no ring)
MPRegen  0.09/turn              (no ring)
                                (no ring)
                                (no ring)

@: no status effects
A: almost no armour, amphibious, 8 rings, camouflage 1, gelatinous body 1,
(nimble swimmer 1), tentacles
a: no special abilities


You were on level 3 of the Dungeon.
You visited 1 branch of the dungeon, and saw 3 of its levels.

You collected 127 gold pieces.

Inventory:

Hand Weapons
 a - a +2 dagger
 e - a +0 falchion of electrocution (weapon)
 k - a +0 antimagic dagger
Missiles
 b - 42 poisoned darts (quivered)
 c - 2 curare-tipped darts
 g - a throwing net
Scrolls
 d - a scroll of torment
 h - a scroll of teleportation
 i - a scroll of magic mapping {unknown}
 m - a scroll of fear {unknown}
Potions
 j - a potion of degeneration {unknown}
 l - a potion of resistance {unknown}


   Skills:
 - Level 2.0 Fighting
 + Level 2.9 Short Blades
 - Level 2.0 Throwing
 - Level 1.0 Dodging
 * Level 7.2 Stealth


You had 3 spell levels left.
You didn't know any spells.
Your spell library contained the following spells:

 Spells                   Type           Power      Damage    Failure   Level
 Blink                    Tloc           N/A        N/A       43%         2
 Manifold Assault         Tloc           0%         N/A       100%        5
 Storm Form               Tmut/Air       0%         N/A       100%        7


Dungeon Overview and Level Annotations

Branches:
Dungeon (3/15)

Altars:


Innate Abilities, Weirdness & Mutations

You cannot wear most types of armour.
You are amphibious.
You can wear up to eight rings at the same time.
Your skin changes colour to match your surroundings (Stealth+).
Your rubbery body absorbs attacks. (AC +1, EV +1)
((You are camouflaged near water. (Stealth+)))
You have tentacles for arms and can constrict up to eight enemies at once.


Message History

You hear some strange, mumbled words.
You are confused.
Something hits you.
You're too confused to attack without stumbling around!
You're too confused to attack without stumbling around!
You're too confused to attack without stumbling around!
You're too confused to attack without stumbling around!
You bump into the rock wall.
The orc hits you with a +0 war axe!
* * * LOW HITPOINT WARNING * * *
It was a potion of curing.
You feel better. The orc misses you. Something barely misses you.
You closely miss the orc. Your grab misses the orc.
Your squeeze misses the orc. The orc hits you with a +0 war axe.
Something hits you.
* * * LOW HITPOINT WARNING * * *
You hit the orc. Your grab misses the orc.
The orc is severely wounded.
The orc barely misses you.
You riposte.
You closely miss the orc. You grab the orc. You squeeze the orc.
You kill the orc!
Something hits you.
* * * LOW HITPOINT WARNING * * *
You hear some strange, mumbled words.
A puff of flame appears from out of thin air!
The puff of flame misses you.
You swing at nothing.
A magic dart appears from out of thin air!
The magic dart hits you.
* * * LOW HITPOINT WARNING * * *
You feel better.
You miss something. You squeeze something!
You hear some strange, mumbled words.
A puff of flame appears from out of thin air!
The puff of flame hits you.
* * * LOW HITPOINT WARNING * * *
Something hits you.
* * * LOW HITPOINT WARNING * * *
You barely miss something. Something hits you.
You die...

#.##..#.# #.###
##.##..#######...#
#.............#.#
#.#..########.#.#
#.##†# #.#.#
#.##.##### #.#.#
#.##.....# #.#.#
#.######## #####
#@##.8.8.♣.8.
#{#..†)......
#)...8)8.8.8.
############# ####
#.#.# #.## #.#.#
#.## #.#.###..)
#....####.
##....####.


There were no monsters in sight!

Vanquished Creatures
  3 adders (D:3)
  3 orcs (D:3)
  2 bats
  6 endoplasms
  2 giant cockroaches
  8 goblins
  4 jackals (D:2)
  7 kobolds
  2 ball pythons (D:3)
  4 frilled lizards
  5 rats
46 creatures vanquished.

Notes
Turn   | Place    | Note
-------+----------+-------------------------------------------
     0 | D:1      | Delamore the Octopode Brigand began the quest for the Orb.
     0 | D:1      | Reached XP level 1. HP: 14/14 MP: 1/1
    81 | D:1      | Reached XP level 2. HP: 11/19 MP: 2/2
   342 | D:1      | Reached skill level 6 in Stealth
   700 | D:1      | Found a faded altar of an unknown god.
  1044 | D:2      | Reached XP level 3. HP: 18/24 MP: 3/3
  2105 | D:3      | Reached skill level 7 in Stealth
  2105 | D:3      | Reached XP level 4. HP: 26/29 MP: 4/4
  2189 | D:3      | HP: 1/29 [orc (8)]
  2195 | D:3      | HP: 1/29 [something/magic dart (4)]
  2198 | D:3      | Slain by an orc wizard

Illustrated notes

Levels and vault maps discovered:
D:1:      dpeg_arrival_rooms_with_view, layout_loops_cross,
          shapermc_ecumenical_altar_mp_vishouse, roderic_serpentine_path,
          minmay_misc_feat_roman
D:2:      layout_basic, minmay_tree_intersection
D:3:      layout_loops_ring, chequers_avenue, amethyst_killhole, minmay_puff

Skill      XL: |  1  2  3 |
---------------+----------+-----
Stealth        | 6 7 |  7.2
Fighting       | |  2.0
Short Blades   | |  2.9
Throwing       | |  2.0
Dodging        | |  1.0

Action                   |  1- 3 |  4- 6 || total
-------------------------+-------+-------++-------
Melee: Falchion          |    64 |    10 ||    74
       Constrict         |    12 |     2 ||    14
       Tentacles         |     7 |     3 ||    10
       Dagger            |     1 |       ||     1
  Use: Scroll            |     2 |       ||     2
       Potion            |       |     2 ||     2
 Stab: Sleeping          |    19 |       ||    19
Armor: Skin              |     6 |       ||     6
Dodge: Dodged            |    22 |     8 ||    30
       Rpst.: Falchion   |     7 |     2 ||     9
